 Dungeon Sprint DCSS version 0.27.1-34-g3ba077fa99 (webtiles) character file.

Game seed: 8211469919900554397

14984 boopmooplesden the Peltast (level 11, -1/112 HPs)
             Began as a Minotaur Fighter on Jan 13, 2022.
             Was the Champion of Okawaru.
             Killed by divine providence
             ... invoked by Saint Roka
              (12 damage)
             ... in the Dungeon (Sprint VII: "The Pits").
             The game lasted 00:07:12 (2753 turns).

boopmooplesden the Peltast (Minotaur Fighter)       Turns: 2753, Time: 00:07:13

Health: -1/112     AC: 26    Str: 27    XL:     11   Next: 95%
Magic:  13/13      EV: 13    Int: 18    God:    Okawaru [******]
Gold:   16         SH: 22    Dex: 10    Spells: 10/10 levels left

rFire    x . .     SeeInvis .   w - +8 demon blade of Damp Valiance {flame, rF- Int+10}
rCold    . . .     Faith    .   c - +4 kite shield
rNeg     . . .     Spirit   .   u - +4 chain mail
rPois    .         Reflect  .   (helmet restricted)
rElec    .         Harm     .   t - +0 cloak
rCorr    .         Rampage  +   s - +0 pair of gloves
Will     .....     NoTele   +   r - +1 pair of boots {rampage}
Stlth    ..........             (no amulet)
HPRegen  0.28/turn              o - +3 ring of strength
MPRegen  0.13/turn              p - +3 ring of intelligence

@: heroic
A: horns 2, retaliatory headbutt
a: Renounce Religion, Heroism, Finesse


You were in the Dungeon.
You worshipped Okawaru.
Okawaru was exalted by your worship.
You visited 1 branch You collected 16 gold pieces.

Inventory:

Hand Weapons
 a - a +0 long sword
 n - a +2 long sword of holy wrath
 v - a +1 triple sword of holy wrath
 w - the +8 demon blade of Damp Valiance (weapon) {flame, rF- Int+10}
   (Okawaru gifted it to you in the Dungeon)

   It burns those it strikes, dealing additional fire damage.
   Big, fiery blades are also staple armaments of hydra-hunters.
   Int:       It affects your intelligence (+10).
   rF:        It makes you vulnerable to fire.
Armour
 b - a +0 scale mail
 c - a +4 kite shield (worn)
 d - a +3 chain mail
 r - a +1 pair of boots of rampaging (worn)
 s - a +0 pair of gloves (worn)
 t - a +0 cloak (worn)
 u - a +4 chain mail (worn)
Jewellery
 o - a +3 ring of strength (left hand)
 p - a +3 ring of intelligence (right hand)
 x - a ring of willpower
 A - a ring of protection from cold
 B - a ring of see invisible
Wands
 C - a wand of digging (7)
Scrolls
 j - a scroll of blinking
 l - 5 scrolls of amnesia
 m - a scroll of summoning
 y - 5 scrolls of identify
 E - 6 scrolls of enchant weapon
 F - a scroll of fear
Potions
 e - 9 potions of curing
 f - 14 potions of heal wounds
 g - 3 potions of haste
 h - 4 potions of magic
 i - 3 potions of berserk rage
 k - 2 potions of invisibility
 q - a potion of might
 z - a potion of ambrosia
 G - a potion of resistance


   Skills:
 + Level 15.2(20.2) Fighting
 + Level 17.0(22.0) Long Blades
 + Level 16.3(21.3) Armour
 + Level 8.1(13.1) Dodging
 + Level 1.9(6.9) Stealth
 + Level 18.8(23.8) Shields
 + Level 4.3 Invocations


You had 10 spell levels left.
You didn't know any spells.
Your spell library was empty.

Dungeon Overview and Level Annotations

Branches:
Dungeon (1/1)

Altars:
Ashenzari
Cheibriados
Dithmenos
Elyvilon
Fedhas
Gozag
Hepliaklqana
Kikubaaqudgha
Makhleb
Nemelex Xobeh
Okawaru
Qazlal
Ru
Sif Muna
Trog
Uskayaw
Vehumet
Wu Jian
Xom
Yredelemnul
Zin
The Shining One
Beogh
Jiyva
Lugonu

Annotations:
D Donald, Saint Roka


Innate Abilities, Weirdness & Mutations

You have a pair of horns on your head.
You reflexively headbutt those who attack you in melee.


Message History

You completely miss the great orb of eyes.
You headbutt the great orb of eyes.
The great orb of eyes is lightly wounded.
You feel sick.
You are no longer poisoned.
You block the great orb of eyes's attack.
Saint Roka mumbles some strange prayers to Beogh against you.
Beogh smites you!
The vampire mage mumbles some strange words.
The vampire mage flickers and vanishes!
Deactivating autopickup; reactivate with Ctrl-A.
You hit Saint Roka. You burn Saint Roka.
Saint Roka is lightly wounded.
You block the great orb of eyes's attack.
You slice Saint Roka!! You burn Saint Roka.
Saint Roka is lightly wounded.
Saint Roka calls down the wrath of Beogh upon you.
Beogh smites you!
* * * LOW HITPOINT WARNING * * *
You hear a deafening roar!
You closely miss Saint Roka. Your headbutt misses Saint Roka.
Saint Roka is lightly wounded.
You hear a shout!
You block the great orb of eyes's attack.
Saint Roka invokes the aid of Beogh against you.
Beogh smites you!
* * * LOW HITPOINT WARNING * * *
You slice Saint Roka!! You burn Saint Roka.
Saint Roka is moderately wounded.
The orc warrior no longer looks unusually strong.
Donald gestures wildly while chanting.
Donald seems to grow stronger.
You hit Saint Roka but do no damage.
You headbutt Saint Roka, but do no damage.
Saint Roka is moderately wounded.
The great orb of eyes gazes at you. You resist with significant effort.
Saint Roka calls down the wrath of Beogh upon you.
Beogh smites you!
You die...

################
...............+
...............+
########@####..#
#o#G# #..# #{#
#R##..# #o# #n#..#
#@# ##..# #y# #..#
###############..#
##
.................#
.#
.................#


You could see Saint Roka (strong), Donald (strong), a great orb of eyes, a bog
body, an efreet, a hornet and an orc warrior.

Vanquished Creatures
  A hydra (D)
  An alligator snapping turtle (D)
  A merfolk avatar (D)
  Urug (D)
  A sixfirhy (D)
  A phantasmal warrior (D)
  A sea snake (D)
  2 orc knights (D)
  3 harpies (D)
  An orc sorcerer (D)
  A black mamba (D)
  2 molten gargoyles (D)
  A smoke demon (D)
  A rime drake (D)
  Psyche (D)
  A guardian mummy (D)
  A wandering mushroom (D)
  A merfolk (D)
  A hornet (D)
  5 blink frogs (D)
  4 slime creatures (D)
  7 dream sheep (D)
  4 redbacks (D)
  2 wraiths (D)
  3 yaks (D)
  A shadow (D)
  A wyvern (D)
  2 wargs (D)
  3 orc warriors (D)
  An ogre (D)
  A centaur (D)
  A phantom (D)
  A scorpion (D)
  An iron imp (D)
  A jelly (D)
  3 iguanas (D)
  4 orc wizards (D)
  A mummy (D)
  A gnoll (D)
  An adder (D)
  A river rat (D)
  An ufetubus (D)
  5 orcs (D)
  A ball python (D)
  A bat zombie (D)
  An endoplasm (D)
  A goblin (D)
  3 hobgoblins (D)
  7 jackals (D)
  A kobold (D)
  A quokka skeleton (D)
  2 rats (D)
96 creatures vanquished.

Vanquished Creatures (others)
  A bat zombie (D)
1 creature vanquished.

Grand Total: 97 creatures vanquished

Notes
Turn   | Place    | Note
-------+----------+-------------------------------------------
     0 | D        | boopmooplesden the Minotaur Fighter began the quest for the
                  | Orb.
     0 | D        | Reached XP level 1. HP: 19/19 MP: 0/0
    37 | D        | Found a glowing golden altar of the Shining One.
    37 | D        | Found a glowing silver altar of Zin.
    37 | D        | Found a basalt altar of Yredelemnul.
    37 | D        | Found a shimmering altar of Xom.
    37 | D        | Found an ornate altar of the Wu Jian Council.
    37 | D        | Found a bloodstained altar of Trog.
    37 | D        | Found a shimmering blue altar of Sif Muna.
    37 | D        | Found a sacrificial altar of Ru.
    37 | D        | Found a stormy altar of Qazlal.
    37 | D        | Found an iron altar of Okawaru.
    37 | D        | Found a sparkling altar of Nemelex Xobeh.
    37 | D        | Found a burning altar of Makhleb.
    37 | D        | Found a viscous altar of Jiyva.
    37 | D        | Found a hazy altar of Hepliaklqana.
    37 | D        | Found an opulent altar of Gozag.
    37 | D        | Found a blossoming altar of Fedhas.
    37 | D        | Found a white marble altar of Elyvilon.
    37 | D        | Found a shadowy altar of Dithmenos.
    37 | D        | Found a snail-covered altar of Cheibriados.
    39 | D        | Found a corrupted altar of Lugonu.
    39 | D        | Found a radiant altar of Vehumet.
    40 | D        | Found an ancient bone altar of Kikubaaqudgha.
    40 | D        | Found a hide-covered altar of Uskayaw.
    40 | D        | Found a broken altar of Ashenzari.
    44 | D        | Became a worshipper of Warmaster Okawaru
    59 | D        | Reached skill level 4 in Shields
    61 | D        | Reached XP level 2. HP: 22/28 MP: 1/1
    78 | D        | Reached skill level 5 in Shields
   252 | D        | Reached skill level 5 in Armour
   253 | D        | Reached skill level 5 in Fighting
   254 | D        | Reached XP level 3. HP: 33/36 MP: 2/2
   262 | D        | Reached skill level 6 in Shields
   262 | D        | Reached XP level 4. HP: 35/45 MP: 3/3
   330 | D        | Noticed a scorpion
   339 | D        | Killed a scorpion
   339 | D        | Reached * piety under Okawaru
   340 | D        | Reached skill level 7 in Shields
   340 | D        | Reached XP level 5. HP: 39/52 MP: 4/4
   345 | D        | Noticed an ogre
   346 | D        | Noticed a phantom
   355 | D        | Killed an ogre
   356 | D        | Reached skill level 8 in Shields
   358 | D        | Killed a phantom
   359 | D        | Reached XP level 6. HP: 40/62 MP: 5/5
   468 | D        | Noticed a blink frog
   483 | D        | Killed a blink frog
   483 | D        | Reached ** piety under Okawaru
   484 | D        | Reached skill level 9 in Shields
   617 | D        | Noticed a warg
   622 | D        | Killed a warg
   623 | D        | Reached skill level 10 in Long Blades
   623 | D        | Reached skill level 1 in Dodging
   623 | D        | Reached XP level 7. HP: 71/71 MP: 6/6
   635 | D        | Reached skill level 10 in Armour
   649 | D        | Noticed a rime drake
   658 | D        | Killed a rime drake
   658 | D        | Reached *** piety under Okawaru
   659 | D        | Reached skill level 10 in Fighting
   659 | D        | Reached skill level 10 in Shields
   698 | D        | Got the +2 scimitar "Bonejusi" {venom, Fragile rN+ Str+6}
   789 | D        | Noticed a wraith
   789 | D        | Noticed a smoke demon
   801 | D        | Killed a smoke demon
   801 | D        | Reached **** piety under Okawaru
   802 | D        | Reached XP level 8. HP: 42/81 MP: 4/7
   817 | D        | Noticed an eight-headed hydra
   817 | D        | Noticed Urug
   817 | D        | Noticed a molten gargoyle
   858 | D        | Killed a 12-headed hydra
   858 | D        | Reached ***** piety under Okawaru
   859 | D        | Reached skill level 11 in Shields
   859 | D        | Reached skill level 1 in Invocations
   859 | D        | Reached XP level 9. HP: 12/89 MP: 5/9
   864 | D        | Killed Urug
   865 | D        | Reached skill level 12 in Shields
   870 | D        | Killed a molten gargoyle
  1086 | D        | Noticed an orc knight
  1086 | D        | Noticed an orc sorcerer
  1086 | D        | Noticed a molten gargoyle
  1091 | D        | Noticed a hellwing
  1098 | D        | Killed a molten gargoyle
  1099 | D        | Reached skill level 13 in Shields
  1107 | D        | HP: 4/89 [hellwing[an orc knight] (1)]
  1108 | D        | Killed an orc sorcerer
  1108 | D        | Received a gift from Okawaru
  1108 | D        | Killed an orc knight
  1109 | D        | Reached skill level 5 in Dodging
  1109 | D        | Reached XP level 10. HP: 5/97 MP: 8/11
  1115 | D        | Reached skill level 14 in Shields
  1437 | D        | Noticed an orc knight
  1443 | D        | Killed an orc knight
  1444 | D        | Reached skill level 15 in Long Blades
  1453 | D        | Reached skill level 1 in Stealth
  1480 | D        | Received a gift from Okawaru
  1491 | D        | Reached skill level 15 in Shields
  1795 | D        | Noticed a harpy
  1795 | D        | Noticed a harpy
  1795 | D        | Noticed a harpy
  1795 | D        | Noticed a sixfirhy
  1811 | D        | Killed a harpy
  1812 | D        | Reached skill level 15 in Armour
  1815 | D        | Reached ****** piety under Okawaru
  1821 | D        | Killed a harpy
  1822 | D        | Reached skill level 16 in Shields
  1822 | D        | Reached XP level 11. HP: 24/107 MP: 12/12
  1823 | D        | Killed a sixfirhy
  1825 | D        | Killed a harpy
  2137 | D        | Noticed a merfolk avatar
  2137 | D        | Noticed a phantasmal warrior
  2146 | D        | Killed a merfolk avatar
  2146 | D        | Identified the +8 demon blade of Damp Valiance {flame, rF-
                  | Int+10} (Okawaru gifted it to you in the Dungeon)
  2146 | D        | Received a gift from Okawaru
  2147 | D        | Reached skill level 17 in Shields
  2152 | D        | Killed a phantasmal warrior
  2218 | D        | Noticed a sea snake
  2218 | D        | Noticed Psyche
  2227 | D        | Killed a sea snake
  2240 | D        | Killed Psyche
  2241 | D        | Reached skill level 18 in Shields
  2270 | D        | Reached skill level 15 in Fighting
  2277 | D        | Received a gift from Okawaru
  2725 | D        | Noticed a mummy priest
  2725 | D        | Noticed Saint Roka
  2727 | D        | Noticed a great orb of eyes
  2729 | D        | Noticed an orb spider
  2730 | D        | Noticed an alligator snapping turtle
  2741 | D        | Noticed a bog body
  2746 | D        | Killed an alligator snapping turtle
  2748 | D        | Noticed a vampire mage
  2748 | D        | Noticed Donald
  2753 | D        | Killed from afar by Saint Roka

Illustrated notes

Levels and vault maps discovered:
D:        pitsprint [storerooms_1, entrance_room_1, metal_vault_2, armoury_1,
          mini_pit_1, grid_room_1, main_hall_1, silver_pit, the_coven_3,
          the_vestibule_1, steel_vault_4, golden_pit, hallway_of_sentries,
          crystal_vault_4, iron_vault_5, final_vault]

Skill      XL: |  1  2  3  4  5  6  7  8  9 10 11 |
---------------+----------------------------------+-----
Fighting       | 4 5 6 7 8 9 10 11 12 13 15 | 15.2
Armour         | 4 5 6 7 8 9 11 12 13 15 16 | 16.3
Shields        | 4 5 6 7 8 9 10 11 13 16 18 | 18.8
Long Blades    | 3 4 6 8 10 12 13 14 15 17 | 17.0
Dodging        | 1 3 5 6 8 |  8.1
Invocations    | 1 2 3 4 |  4.3
Stealth        | 1 |  1.9

Action                   |  1- 3 |  4- 6 |  7- 9 | 10-12 || total
-------------------------+-------+-------+-------+-------++-------
Melee: Long sword        |    21 |    32 |    26 |       ||    79
       Headbutt          |     5 |     9 |    20 |    57 ||    91
       Scimitar          |       |       |    49 |    98 ||   147
       Demon blade       |       |       |       |    70 ||    70
Invok: Heroism           |       |       |     4 |     6 ||    10
  Use: Potion            |     1 |       |     3 |     5 ||     9
       Scroll            |       |       |       |     4 ||     4
Armor: Scale mail        |    10 |     1 |       |       ||    11
       Chain mail        |       |     9 |    36 |    83 ||   128
Dodge: Dodged            |    10 |     8 |    37 |    56 ||   111
Block: Kite shield       |    10 |     7 |    66 |   155 ||   238
       Rpst.: Long sword |     4 |     3 |     1 |       ||     8
       Scimitar          |       |       |     4 |     9 ||    13
       Demon blade       |       |       |       |     6 ||     6
